Map: [ESL] Cosmic Sapphire

Players

Nice - Winner!

  • Race: Protoss Protoss
  • Spawn Location: 5:00

Rex

  • Race: Zerg Zerg
  • Spawn Location: 11:00

Event: DreamHack SC2 Masters 2022 Atlanta (Online)

VOD

Have the link to the VOD?

Description

Time

  • Played on: Sept. 30, 2022, 8:02 a.m.
  • Length: 12:09

All games in this series

Show
View Real Time Build Order
Export as new Build Order

Nice Protoss - Winner!

Build Orders: 1 Gate Expand, Archon Immortal, Archon Drop, Dark Templar Rush 

Get SALT Encoding   

  12  0:00  Probe  
  13  0:12  Probe  
  14  0:20  Pylon  
  14  0:24  Probe  
  15  0:38  Probe (Chrono Boost)  
  15  0:40  Gateway  
  16  0:49  Probe (Chrono Boost)  
  17  0:50  Assimilator  
  17  0:54  Probe (Chrono Boost)  
  18  1:04  Probe  
  19  1:17  Probe  
  20  1:27  Nexus  
  20  1:37  Cybernetics Core  
  20  1:44  Probe, Assimilator  
  21  1:52  Pylon  
  21  1:56  Probe  
  22  2:08  Probe  
  22  2:10  Adept (Chrono Boost)  
  25  2:17  Twilight Council  
  25  2:20  Probe  
  26  2:23  Warp Gate  
  26  2:33  Probe (Chrono Boost), Stalker  
  29  2:43  Probe (Chrono Boost)  
  31  2:45  Probe (Chrono Boost)  
  31  2:48  Probe (Chrono Boost)  
  32  2:53  Probe  
  32  2:56  Robotics Facility  
  33  2:59  Probe  
  34  3:09  Probe  
  34  3:11  Probe  
  36  3:18  Dark Shrine  
  36  3:21  Probe  
  36  3:23  Probe  
  38  3:33  Probe  
  39  3:36  Gateway x2  
  39  3:37  Gateway  
  39  3:40  Probe  
  40  3:49  Shield Battery, Warp Prism (Chrono Boost)  
  40  3:55  Probe  
  41  3:56  Probe  
  41  4:00  Assimilator  
  42  4:03  Assimilator  
  42  4:11  Zealot  
  42  4:12  Probe x2  
  42  4:14  Pylon  
  46  4:19  Pylon  
  46  4:24  Pylon  
  46  4:32  Probe x2  
  48  4:39  Dark Templar x3  
  48  4:40  Dark Templar  
  48  4:44  Probe x2  
  58  4:46  Pylon  
  58  4:56  Probe  
  59  5:07  Archon  
  59  5:10  Immortal (Chrono Boost), Probe  
  59  5:12  Probe  
  65  5:14  Blink  
  65  5:18  Forge  
  65  5:22  Probe  
  66  5:29  Probe  
  66  5:31  Nexus  
  66  5:33  Pylon  
  66  5:34  Probe  
  68  5:40  Immortal (Chrono Boost)  
  72  5:43  Probe  
  73  5:51  Shield Battery, Archon  
  73  5:53  Protoss Ground Weapons Level 1 (Chrono Boost)  
  73  5:58  Probe x2  
  73  6:01  Sentry x2, Gateway  
  73  6:02  Sentry  
  81  6:11  Stalker  
  81  6:12  Observer (Chrono Boost)  
  81  6:13  Probe x2  
  81  6:15  Shield Battery  
  86  6:19  Gateway  
  86  6:41  Pylon  
  86  6:42  Immortal (Chrono Boost), Probe x2, Pylon  
  86  6:46  Probe  
  93  6:54  Gateway, Probe x2  
  93  7:00  Probe  
  96  7:02  Assimilator  
  96  7:04  Assimilator, Pylon  
  96  7:06  Probe x2  
  98  7:15  Immortal (Chrono Boost)  
  98  7:19  Probe x3  
  98  7:21  Pylon  
  105  7:24  Photon Cannon  
  105  7:26  Shield Battery  
  105  7:27  Stalker x4  
  113  7:46  Robotics Bay  
  113  7:48  Photon Cannon  
  112  7:52  Stalker x3  
  112  7:53  Stalker x3  
  112  7:55  Protoss Ground Weapons Level 2 (Chrono Boost)  
  120  8:10  Shield Battery  
  120  8:12  Pylon  
  120  8:15  Probe x3  
  123  8:21  Stalker x3  
  123  8:23  Extended Thermal Lance (Chrono Boost)  
  123  8:24  Robotics Facility, Pylon  
  125  8:31  Sentry  
  125  8:32  Sentry  
  125  8:33  Colossus (Chrono Boost)  
  134  8:42  Shield Battery  
  134  8:56  Zealot  
  134  8:58  Zealot  
  138  9:04  Nexus  
  138  9:07  Shield Battery  
  138  9:08  Probe x3  
  141  9:10  Pylon  
  141  9:15  Colossus (Chrono Boost)  
  147  9:23  Probe x2  
  145  9:33  Zealot x2, Colossus (Chrono Boost)  
  145  9:36  Charge  
  155  9:39  Probe x2  
  157  9:47  Pylon  
  157  9:48  Pylon  
  157  9:49  Pylon  
  157  9:51  Photon Cannon  
  157  9:53  Probe  
  157  9:58  Dark Templar  
  158  10:07  Observer (Chrono Boost)  
  158  10:11  Sentry x6  
  170  10:16  Photon Cannon, Pylon  
  170  10:19  Gateway  
  170  10:20  Gateway  
  170  10:34  Stalker  
  170  10:35  Stalker x6  
  184  10:53  Observer (Chrono Boost)  
  187  10:59  Warp Prism (Chrono Boost)  
  184  11:06  Stalker x3  
  184  11:07  Stalker x4  
  154  11:30  Stalker x6  
  154  11:31  Stalker x3  
Show
View Real Time Build Order
Export as new Build Order

Rex Zerg 

Build Orders: Hatch First 

Get SALT Encoding   

  12  0:00  Drone  
  13  0:12  Overlord  
  13  0:17  Drone  
  14  0:30  Drone x2  
  16  0:49  Hatchery  
  15  0:52  Drone  
  15  0:56  Drone  
  17  0:59  Drone  
  18  1:10  Extractor  
  17  1:15  Spawning Pool  
  17  1:18  Drone  
  17  1:22  Drone  
  18  1:28  Drone  
  19  1:40  Drone  
  20  1:51  Overlord  
  20  2:02  Queen x2  
  20  2:03  Zergling x4  
  26  2:11  Metabolic Boost  
  26  2:13  Drone  
  26  2:15  Drone  
  28  2:21  Drone  
  29  2:27  Drone  
  30  2:38  Hatchery  
  30  2:42  Drone  
  30  2:43  Drone  
  31  2:48  Queen  
  33  2:53  Overlord  
  33  2:56  Drone  
  34  3:06  Spore Crawler  
  34  3:07  Spore Crawler  
  34  3:10  Queen, Drone x3  
  39  3:13  Drone  
  39  3:17  Drone x2  
  39  3:18  Drone  
  43  3:22  Overlord  
  43  3:32  Overlord  
  43  3:33  Drone  
  44  3:41  Drone  
  44  3:42  Drone  
  44  3:43  Queen  
  47  3:51  Drone x3  
  49  3:57  Drone x3, Overlord  
  49  4:01  Overlord  
  49  4:02  Roach Warren  
  51  4:10  Spore Crawler, Zergling x4  
  51  4:13  Spore Crawler  
  51  4:14  Spore Crawler  
  51  4:16  Zergling x2  
  51  4:17  Zergling x2  
  52  4:22  Zergling x6  
  55  4:26  Lair  
  55  4:31  Drone x4  
  59  4:35  Extractor  
  59  4:36  Extractor  
  59  4:38  Zergling x6  
  60  4:52  Roach x3  
  66  4:57  Drone x5  
  71  5:03  Zergling x4, Roach  
  67  5:13  Drone x7  
  74  5:28  Drone x6  
  79  5:30  Spire  
  79  5:31  Extractor  
  79  5:32  Drone x2, Extractor  
  79  5:34  Overseer  
  78  5:40  Drone x2  
  80  5:44  Roach  
  80  5:45  Overlord  
  80  5:49  Overlord  
  82  5:53  Overlord  
  82  5:54  Overlord  
  82  5:56  Overlord  
  82  5:58  Overlord, Extractor  
  82  6:00  Glial Reconstitution, Overlord  
  82  6:03  Overlord  
  81  6:07  Drone x3  
  81  6:08  Drone  
  81  6:11  Drone  
  86  6:13  Drone  
  87  6:30  Hatchery  
  87  6:31  Roach  
  87  6:32  Roach x6  
  100  6:35  Overlord x2  
  100  6:38  Overlord  
  100  6:40  Roach  
  100  6:45  Roach x3  
  105  6:55  Mutalisk x4  
  105  6:56  Mutalisk  
  105  6:59  Mutalisk  
  117  7:06  Drone x5  
  117  7:07  Evolution Chamber  
  121  7:19  Roach x4  
  121  7:20  Roach x3  
  135  7:25  Overlord  
  135  7:26  Overlord x2  
  139  7:30  Roach x2  
  139  7:40  Zergling x12  
  139  7:42  Ravager x7  
  152  7:44  Zergling x2  
  152  7:45  Zergling x4  
  155  7:53  Roach x5  
  163  8:05  Overlord x3  
  160  8:13  Zerg Melee Weapons Level 1  
  160  8:14  Baneling Nest  
  160  8:15  Zergling x20  
  167  8:20  Drone x5  
  171  8:30  Drone x7  
  178  8:34  Infestation Pit  
  178  8:39  Zergling x6  
  180  8:41  Overseer  
  180  8:46  Zergling x6  
  180  8:47  Ravager x2  
  185  8:52  Zergling x2, Drone  
  185  8:54  Drone x5, Evolution Chamber  
  191  8:55  Spore Crawler  
  191  8:57  Spine Crawler  
  191  8:58  Centrifugal Hooks  
  189  9:06  Drone x3  
  192  9:11  Zergling x10  
  192  9:13  Hatchery  
  192  9:32  Hive  
  192  9:34  Extractor  
  192  9:37  Zergling x2  
  192  9:38  Zergling x14  
  199  9:48  Baneling x18  
  199  9:59  Baneling x37  
  197  10:15  Spine Crawler x2  
  197  10:16  Drone x5  
  197  10:17  Drone, Spine Crawler x2  
  197  10:18  Extractor, Spine Crawler  
  197  10:30  Baneling x6  
  197  10:31  Zergling x10  
  195  10:44  Zergling x16  
  195  10:49  Baneling x15  
  177  11:04  Zergling x2  
  177  11:05  Zergling x40  
  177  11:07  Baneling x2  
  177  11:08  Baneling x10  
  177  11:10  Zergling x14  
  169  11:18  Zergling x2, Drone  
  169  11:22  Roach x9  
  146  11:28  Roach x2  
  146  11:30  Roach  
  136  11:35  Roach x2  
  136  11:38  Roach x2  
  136  11:39  Baneling x8  
  139  11:45  Roach x2  
  129  11:48  Roach x2  
Tags
 
Add a new tag
Caveats
  • Supply blocks, unpowered buildings, or Contaminate may cause inaccurate times.
  • Supply counts are checked every 10 seconds.